Map: Orbital Shipyard

Players

Rendezvous

  • Race: Zerg Zerg
  • League: Master

State - Winner!

  • Race: Protoss Protoss
  • League: Grandmaster

VOD

Have the link to the VOD?

Description

Time

  • Played on: Nov. 25, 2015, 12:56 a.m.
  • Length: 9:14
Show
View Real Time Build Order
Export as new Build Order

Rendezvous Zerg 

Build Orders: Pool First 

Get SALT Encoding   

  12  0:00  Drone  
  13  0:22  Spawning Pool  
  13  0:26  Drone  
  13  0:29  Drone  
  14  0:37  Overlord  
  14  0:56  Drone  
  15  1:08  Zergling x4  
  15  1:11  Zergling x2  
  18  1:17  Hatchery  
  17  1:21  Drone  
  18  1:32  Drone  
  19  1:37  Queen  
  21  1:44  Drone  
  22  2:00  Hatchery  
  21  2:02  Drone  
  22  2:20  Overlord  
  22  2:28  Queen  
  22  2:29  Drone  
  25  2:30  Drone  
  25  2:31  Drone  
  25  2:35  Drone  
  28  2:40  Drone  
  29  2:47  Drone x3  
  32  2:52  Drone  
  32  2:53  Drone  
  34  3:03  Drone x2  
  36  3:11  Overlord  
  36  3:14  Drone  
  36  3:15  Drone  
  36  3:18  Queen  
  40  3:24  Drone x2  
  42  3:28  Extractor x2  
  42  3:30  Extractor x2  
  42  3:31  Drone x4  
  42  3:33  Drone  
  43  3:38  Drone x5  
  48  3:51  Drone  
  48  3:52  Drone  
  48  3:53  Overlord  
  50  4:00  Roach Warren, Drone  
  49  4:12  Lair  
  49  4:13  Metabolic Boost  
  49  4:15  Drone x3  
  49  4:16  Drone  
  53  4:20  Drone x4  
  57  4:27  Overlord  
  57  4:33  Overlord  
  57  4:38  Evolution Chamber  
  57  4:42  Drone  
  57  4:45  Overlord x2  
  57  4:51  Drone  
  57  4:52  Drone x4  
  62  4:57  Drone  
  63  5:03  Zerg Missile Weapons Level 1  
  63  5:05  Drone x2  
  65  5:07  Roach Warren  
  65  5:09  Spore Crawler  
  65  5:13  Drone  
  65  5:14  Drone x5  
  61  5:21  Glial Reconstitution  
  61  5:25  Spore Crawler  
  60  5:28  Drone  
  60  5:29  Drone  
  60  5:32  Spore Crawler  
  60  5:33  Roach x6  
  73  5:41  Roach x3  
  77  5:47  Roach x2  
  77  5:48  Roach  
  79  5:55  Roach x3  
  81  6:06  Tunneling Claws  
  73  6:17  Drone x4  
  73  6:18  Roach x3  
  77  6:23  Roach  
  77  6:24  Roach  
  80  6:29  Roach x2  
  83  6:34  Roach x2  
  85  6:51  Roach x2  
  89  6:59  Overlord x3  
  89  7:08  Hydralisk Den  
  89  7:10  Drone  
  89  7:16  Queen  
  89  7:17  Drone x3  
  89  7:18  Drone x5  
  95  7:31  Ravager  
  88  7:37  Lurker Den  
  88  7:40  Drone x8  
  96  7:46  Queen  
  95  7:52  Queen  
  95  7:54  Drone x3  
  98  8:10  Hydralisk x2  
  98  8:11  Overlord x2  
  76  8:22  Roach x3  
  76  8:28  Roach x5  
  76  8:33  Hydralisk x2  
  90  8:37  Zergling x2  
  95  8:47  Roach x3  
  101  8:55  Zergling x8  
Show
View Real Time Build Order
Export as new Build Order

State Protoss - Winner!

Build Orders:  

Get SALT Encoding   

  12  0:01  Probe (Chrono Boost)  
  13  0:11  Probe (Chrono Boost)  
  14  0:18  Pylon  
  14  0:22  Probe (Chrono Boost)  
  15  0:36  Probe (Chrono Boost)  
  16  0:46  Probe (Chrono Boost)  
  17  1:01  Probe (Chrono Boost)  
  18  1:07  Forge  
  18  1:12  Probe (Chrono Boost)  
  18  1:17  Nexus  
  19  1:23  Probe (Chrono Boost)  
  20  1:34  Gateway  
  20  1:40  Photon Cannon  
  20  1:42  Probe (Chrono Boost)  
  21  1:52  Probe (Chrono Boost)  
  22  1:58  Assimilator  
  22  2:01  Gateway  
  22  2:05  Probe (Chrono Boost)  
  22  2:07  Assimilator  
  23  2:14  Pylon  
  23  2:26  Cybernetics Core  
  23  2:29  Probe (Chrono Boost)  
  24  2:30  Probe (Chrono Boost)  
  24  2:34  Zealot  
  27  2:39  Probe (Chrono Boost)  
  27  2:41  Probe (Chrono Boost)  
  29  2:50  Probe (Chrono Boost)  
  31  2:51  Probe (Chrono Boost)  
  31  3:00  Probe (Chrono Boost)  
  31  3:01  Warp Gate  
  31  3:02  Probe (Chrono Boost)  
  33  3:07  Stargate  
  33  3:11  Probe (Chrono Boost)  
  33  3:12  Probe (Chrono Boost)  
  35  3:13  Adept (Chrono Boost)  
  37  3:22  Probe  
  39  3:30  Robotics Facility  
  39  3:34  Probe  
  39  3:37  Probe, Adept (Chrono Boost), Pylon  
  42  3:46  Probe (Chrono Boost), Assimilator  
  43  3:49  Probe (Chrono Boost)  
  44  3:58  Probe (Chrono Boost)  
  44  4:00  Probe (Chrono Boost)  
  46  4:08  Probe (Chrono Boost)  
  47  4:10  Oracle (Chrono Boost)  
  47  4:12  Adept  
  53  4:18  Gateway x2  
  53  4:19  Warp Prism (Chrono Boost)  
  53  4:21  Pylon  
  54  4:27  Assimilator  
  54  4:30  Gateway  
  54  4:35  Gateway  
  54  4:40  Gateway  
  54  4:42  Oracle  
  54  4:50  Pylon  
  57  4:53  Pylon  
  58  5:00  Probe x2  
  59  5:12  Probe x2  
  61  5:19  Immortal (Chrono Boost)  
  61  5:21  Twilight Council, Protoss Ground Weapons Level 1  
  65  5:22  Oracle  
  65  5:24  Probe  
  69  5:34  Adept  
  69  5:35  Adept  
  73  5:37  Adept  
  75  5:47  Adept  
  75  5:53  Probe x2  
  75  6:16  Immortal (Chrono Boost)  
  73  6:19  Adept x2  
  73  6:20  Adept  
  73  6:22  Blink (Chrono Boost)  
  73  6:25  Pylon x2  
  75  6:26  Pylon  
  75  6:53  Sentry x6  
  85  6:54  Warp Prism (Chrono Boost)  
  87  7:03  Probe  
  87  7:05  Nexus  
  87  7:08  Mothership Core, Pylon  
  90  7:10  Pylon  
  90  7:29  Observer  
  87  7:33  Stalker x5  
  96  8:03  Stalker x6  
  108  8:09  Probe x2  
  102  8:25  Probe x2  
  104  8:28  Photon Cannon  
  104  8:29  Photon Cannon  
  104  8:30  Gateway  
  104  8:31  Gateway  
  104  8:33  Stalker x5  
  115  8:36  Stalker  
  116  8:50  Nexus  
  112  9:03  Stalker x2  
Tags
 
Add a new tag
Caveats
  • Supply blocks, unpowered buildings, or Contaminate may cause inaccurate times.
  • Supply counts are checked every 10 seconds.